 Dungeon Crawl Stone Soup version 0.31.0-32-g396128a36d (webtiles) character file.

Game seed: 13494952283767022818

28 PaiMei the Grave Robber (level 2, -2/20 HPs)
             Began as a Demonspawn Necromancer on Apr 23, 2024.
             Slain by an adder (4 damage)
             ... on level 2 of the Dungeon.
             The game lasted 00:01:37 (1472 turns).

PaiMei the Grave Robber (Demonspawn Necromancer)    Turns: 1472, Time: 00:01:38

Health: -2/20      AC:  2    Str: 14    XL:     2   Next: 96%
Magic:  0/5        EV: 12    Int: 15    God:
Gold:   35         SH:  0    Dex: 13    Spells: 4/5 levels left

rFire   . . .        g - +0 club
rCold   . . .        (no shield)
rNeg    . . .        a - +0 robe
rPois   .            (no helmet)
rElec   .            (no cloak)
rCorr   .            (no gloves)
SInv    .            (no boots)
Will    .....        (no amulet)
Stlth   ++           c - +6 ring of strength
HPRegen 0.23/turn    (no ring)
MPRegen 0.09/turn

%: no passive effects
@: lethally poisoned (-2 -> -6)
A: claws 1
a: no special abilities


You were on level 2 of the Dungeon.
You visited 1 branch of the dungeon, and saw 2 of its levels.

You collected 35 gold pieces.

Inventory:

Hand Weapons
 g - a +0 club (weapon)
Armour
 a - a +0 robe (worn)
Jewellery
 c - a +6 ring of strength (left claw)
 i - a ring of ice
Scrolls
 d - 3 scrolls of amnesia {unknown}
 e - 2 scrolls of vulnerability {unknown}
 h - 2 scrolls of teleportation {unknown}
 j - a scroll of fear {unknown}
 k - a scroll of identify {unknown}
 l - a scroll of enchant armour {unknown}
Potions
 b - a potion of magic
 f - a potion of curing {unknown}


   Skills:
 + Level 0.7 Fighting
 + Level 2.2 Dodging
 - Level 2.0 Stealth
 + Level 2.3 Spellcasting
 + Level 4.6 Necromancy


You had 4 spell levels left.
You knew the following spells:

 Your Spells              Type           Power      Damage    Failure   Level
a - Necrotise             Necr           60%        1d7       3%          1

Your spell library contained the following spells:

 Spells                   Type           Power      Damage    Failure   Level
 Vampiric Draining        Necr           15%        2d7       10%         3
 Animate Dead             Necr           15%        N/A       30%         4
 Curse of Agony           Necr           15%        N/A       65%         5


Dungeon Overview and Level Annotations

Branches:
Dungeon (2/15)

Altars:


Innate Abilities, Weirdness & Mutations

You have sharp fingernails.


Message History

Confirm with . or Enter, or press ? or * to list all spells.
Aiming: Necrotise (safe; 3% risk of failure)
Press: ? - help, Shift-Dir - straight line, f/p - adder
Aim: an adder (ally target, chance to affect: 79%)
The adder writhes in agony.
The adder bites you. x2
Casting: Necrotise (safe; 3% risk of failure)
Confirm with . or Enter, or press ? or * to list all spells.
Aiming: Necrotise (safe; 3% risk of failure)
Press: ? - help, Shift-Dir - straight line, f/p - adder
Aim: an adder (heavily wounded, ally target, chance to affect: 79%)
The adder writhes in agony.
The adder bites you but does no damage.
Casting: Necrotise (safe; 3% risk of failure)
Confirm with . or Enter, or press ? or * to list all spells.
Aiming: Necrotise (safe; 3% risk of failure)
Press: ? - help, Shift-Dir - straight line, f/p - adder
Aim: an adder (severely wounded, ally target, chance to affect: 79%)
The adder barely resists.
The adder bites you.
You are poisoned.
The adder poisons you!
Casting: Necrotise (safe; 3% risk of failure)
Confirm with . or Enter, or press ? or * to list all spells.
Aiming: Necrotise (safe; 3% risk of failure)
Press: ? - help, Shift-Dir - straight line, f/p - adder
Aim: an adder (severely wounded, ally target, chance to affect: 79%)
The adder writhes in agony.
You feel sick. The adder bites you. x2
You are lethally poisoned!
The adder poisons you!
Casting: Necrotise (safe; 3% risk of failure)
Confirm with . or Enter, or press ? or * to list all spells.
You don't have enough magic to cast this spell.
You hit the adder.
The adder is almost dead.
* * * LOW HITPOINT WARNING * * *
You feel very sick. The adder bites you but does no damage.
You miss the adder.
The adder is almost dead.
* * * LOW HITPOINT WARNING * * *
You feel sick. The adder bites you.
You die...

#w.#..########..###..#
##.#...##...........##
#.##.....#####.#####
#.###....#####..#
#......#.....#Z.#
#.####.#####....# ###
#..# ##....# ##Z#
##....# #@# #..#..#
#S# #..##... #?# #..#
..## #.. #... ## ...
.... #... ##.. ##.


You could see an adder (ally target) and a friendly rat skeleton.

Vanquished Creatures
  An adder (D:2)
  A dart slug (D:1)
  3 endoplasms (D:1)
  2 giant cockroaches
  A hobgoblin (D:1)
  A quokka (D:1)
  2 ball pythons
  A bat (D:1)
  3 kobolds
  A rat (D:2)
16 creatures vanquished.

Notes
Turn   | Place    | Note
-------+----------+-------------------------------------------
     0 | D:1      | PaiMei the Demonspawn Necromancer began the quest for the
                  | Orb.
     0 | D:1      | Reached XP level 1. HP: 13/13 MP: 3/3
   429 | D:1      | Gained mutation: You have sharp fingernails. [demonic
                  | ancestry]
   429 | D:1      | Reached XP level 2. HP: 19/19 MP: 1/5
  1472 | D:2      | Slain by an adder

Illustrated notes

Levels and vault maps discovered:
D:1:      roderic_crop_circles_arrival_small, layout_loops_ring
D:2:      layout_rooms

Skill      XL: |  1 |
---------------+----+-----
Stealth        | 2 |  2.0
Dodging        | 2 |  2.2
Fighting       | |  0.7
Spellcasting   | |  2.3
Necromancy     | |  4.6

Action                     || total
---------------------------++-------
  Melee: Unarmed           ||     9
         Club              ||     8
   Cast: Necrotise         ||    44
 Armour: Robe              ||    17
  Dodge: Dodged            ||    10
